 Dungeon Crawl Stone Soup version bcrawl-1.21.2-28-g2cb1824106 (webtiles) character file.

Game seed: 16559875107192060267

5 MisterOstroum the Vexing (level 1, 0/13 HPs)
             Began as a Kobold Arcane Marksman on Mar 12, 2020.
             Slain by a hobgoblin
             ... wielding a +0 club
              (2 damage)
             ... on level 2 of the Dungeon on Mar 13, 2020.
             The game lasted 00:02:32 (352 turns).

MisterOstroum the Vexing (Kobold Arcane Marksman)    Turns: 352, Time: 00:02:33

Health: 0/13       AC:  2    Str:  7    XL:     1   Next: 88%
Magic:  3/3        EV: 15    Int: 14    God:
Gold:   46         SH:  0    Dex: 15    Spells: 3/4 levels left

rFire    . . .     SeeInvis .   b - +0 dagger
rCold    . . .     Gourm    .   (shield restricted)
rNeg     . . .     Faith    .   c - +0 robe
rPois    .         Spirit   .   (no helmet)
rElec    .         Reflect  .   (no cloak)
rCorr    .         Harm     .   (no gloves)
MR       .....                  (no boots)
Stlth    ++........             (no amulet)
HPRegen  0.04/turn              (no ring)
MPRegen  0.08/turn              (no ring)

@: no status effects
A: small, talons 1, carnivore, mutation resistance 1
a: no special abilities


You were on level 2 of the Dungeon.
You were not hungry.

You visited 1 branch of the dungeon, and saw 2 of its levels.

You collected 46 gold pieces.

Inventory:

Hand Weapons
 a - a +0 hand crossbow
 b - a +0 dagger (weapon)
Missiles
 f - 240 bolts
 h - 384 stones (quivered)
Armour
 c - a +0 robe (worn)
Scrolls
 g - a scroll of noise {unknown}
 i - a scroll of teleportation {unknown}
Potions
 d - a potion of haste {unknown}
 j - a potion of curing {unknown}
Comestibles
 e - a ration {!d}


   Skills:
 - Level 1.1 Fighting
 - Level 2.4 Crossbows
 - Level 2.4 Dodging
 + Level 2.0 Stealth
 - Level 2.1 Spellcasting
 - Level 2.6 Hexes


You had 3 spell levels left.
You knew the following spells:

 Your Spells              Type           Power        Failure   Level  Hunger
a - Corona                Hex            #......      8%          1    #......

Your spell library contained the following spells:

 Spells                   Type           Power        Failure   Level  Hunger
 Shackle                  Hex            #.......     12%         2    ###....
 False Image              Hex/Summ       #.......     38%         3    ###....
 Inner Flame              Hex/Fire       N/A          38%         3    ###....
 Cause Fear               Hex            #.........   61%         4    #####..
 Yara's Violent Unravell  Hex/Tmut       #.........   80%         4    #####..


Dungeon Overview and Level Annotations

Branches:
Dungeon (2/12)

Altars:


Innate Abilities, Weirdness & Mutations

You are small and have problems with some larger weapons.
You have sharp toenails.
You are carnivorous and can eat meat at any time.
You are somewhat resistant to further mutation.


Message History

Confirm with . or Enter, or press ? or * to list all spells.
You don't know that spell. (m)acro, (M)acro raw, keymap [(k) default, (x) level-map, (t)argeting, (c)onfirm, m(e)nu], (s)ave?
Input macro trigger key: 1 Current Action: za\{32} Do you wish to (r)edefine, (c)lear, or (a)bort?
Okay, then. (m)acro, (M)acro raw, keymap [(k) default, (x) level-map, (t)argeting, (c)onfirm, m(e)nu], (s)ave?
Input macro trigger key: 1 Current Action: za\{32} Do you wish to (r)edefine, (c)lear, or (a)bort?
Cleared macro '1' => 'za\{32}'. (m)acro, (M)acro raw, keymap [(k) default, (x) level-map, (t)argeting, (c)onfirm, m(e)nu], (s)ave?
Input macro trigger key: 2 Current Action: zd\{32} Do you wish to (r)edefine, (c)lear, or (a)bort?
Cleared macro '2' => 'zd\{32}'. (m)acro, (M)acro raw, keymap [(k) default, (x) level-map, (t)argeting, (c)onfirm, m(e)nu], (s)ave?
Input macro trigger key: 2 Input macro action:
Okay, then. (m)acro, (M)acro raw, keymap [(k) default, (x) level-map, (t)argeting, (c)onfirm, m(e)nu], (s)ave?
Input macro trigger key: 4 Input macro action:
Okay, then.
Unknown command.
The bat misses you. The bat hits you but does no damage. The bat misses you.
The bat completely misses you.
Casting: Corona (safe; 8% risk of failure)
Confirm with . or Enter, or press ? or * to list all spells.
Aiming: Corona (safe; 8% risk of failure)
Press: ? - help, Shift-Dir - straight line, f - bat
Aim: a bat (chance to defeat MR: 62%)
The bat is outlined in light.
The bat hits you.
You hit the bat. Your kick misses the bat.
The bat is severely wounded.
The bat closely misses you.
You hit the bat but do no damage. Your kick misses the bat.
The bat is severely wounded.
The bat hits you. The bat hits you but does no damage.
There is an open door here.
You hit the hobgoblin.
The hobgoblin is moderately wounded.
The bat hits you but does no damage. The hobgoblin hits you with a +0 club.
The bat misses you.
You hit the bat but do no damage. You claw the bat.
You kill the bat!
The hobgoblin hits you but does no damage.
The goblin stops glowing.
Casting: Corona (safe; 8% risk of failure)
Confirm with . or Enter, or press ? or * to list all spells.
You don't know that spell.
Casting: Corona (safe; 8% risk of failure)
Confirm with . or Enter, or press ? or * to list all spells.
You don't know that spell. (m)acro, (M)acro raw, keymap [(k) default, (x) level-map, (t)argeting, (c)onfirm, m(e)nu], (s)ave?
Input macro trigger key: 3 Current Action: zc Do you wish to (r)edefine, (c)lear, or (a)bort?
Cleared macro '3' => 'zc'.
You barely miss the hobgoblin.
The hobgoblin is moderately wounded.
The hobgoblin misses you.
You closely miss the hobgoblin.
The hobgoblin is moderately wounded.
The hobgoblin closely misses you.
There is a stone staircase leading down here.
The goblin barely misses you. The hobgoblin closely misses you.
You climb downwards.
A frilled lizard and a quokka come into view.
Found 150 arrows.
There is a stone staircase leading up here.
The hobgoblin hits you but does no damage.
The goblin misses you. The goblin barely misses you.
You hit the goblin but do no damage. Your kick misses the goblin.
The goblin is heavily wounded.
The goblin hits you.
The hobgoblin hits you but does no damage.
You hit the goblin.
You kill the goblin!
Your Stealth skill increases to level 2!
The hobgoblin closely misses you.
You barely miss the hobgoblin.
You claw the hobgoblin, but do no damage.
The hobgoblin is moderately wounded.
The hobgoblin closely misses you.
You hit the quokka.
The quokka is moderately wounded.
The hobgoblin barely misses you. The quokka misses you.
You hit the quokka but do no damage.
The quokka is moderately wounded.
The quokka closely misses you. The hobgoblin hits you with a +0 club.
* * * LOW HITPOINT WARNING * * *
You closely miss the quokka.
The quokka is moderately wounded.
The quokka misses you. The hobgoblin hits you with a +0 club.
You die...

#
######.###
#.........
#g<......l
#@r.......
#.........
#.........
#.........
#.........
#.........
#.....(...
#########


You could see a quokka and a hobgoblin.

Vanquished Creatures
  2 goblins
  A bat (D:1)
  A kobold (D:1)
  2 rats (D:1)
6 creatures vanquished.

Notes
Turn   | Place    | Note
-------+----------+-------------------------------------------
     0 | D:1      | MisterOstroum the Kobold Arcane Marksman began the quest
                  | for the Orb.
     0 | D:1      | Reached XP level 1. HP: 13/13 MP: 3/3
    53 | D:1      | Reached skill level 1 in Stealth
   352 | D:2      | Slain by a hobgoblin

Skill      XL: |  1 |
---------------+----+-----
Stealth        | 2 |  2.0
Fighting       | |  1.1
Crossbows      | |  2.4
Dodging        | |  2.4
Spellcasting   | |  2.1
Hexes          | |  2.6

Action                   || total
-------------------------++-------
Melee: Dagger            ||    29
       Kick              ||     4
 Cast: Corona            ||     6
  Eat: Chunk             ||     2
Armor: Robe              ||    12
Dodge: Dodged            ||    36
